 Dungeon Crawl Stone Soup version 0.28.0-53-g5a82cb258f (webtiles) character file.

Game seed: 6813599186732102274

130 Sin92 the Magician (level 4, 0/32 HPs)
             Began as a Demonspawn Hedge Wizard on July 12, 2022.
             Slain by Crazy Yiuf
             ... wielding a +4 quarterstaff of chaos
              (14 damage)
             ... on level 3 of the Dungeon.
             The game lasted 00:05:51 (3924 turns).

Sin92 the Magician (Demonspawn Hedge Wizard)        Turns: 3924, Time: 00:05:52

Health: 0/32       AC:  5    Str: 10    XL:     4   Next: 90%
Magic:  9/9        EV: 13    Int: 16    God:
Gold:   210        SH:  0    Dex: 18    Spells: 9/10 levels left

rFire   . . .      SeeInvis .   l - +5 trident of Disarray {vorpal, Dex+4}
rCold   . . .      Faith    .   (no shield)
rNeg    . . .      Spirit   .   b - +0 robe
rPois   .          Reflect  .   c - +0 hat
rElec   .          Harm     .   (no cloak)
rCorr   .          Rampage  .   f - +0 pair of gloves
Will    .....                   (no boots)
Stlth   ++........              (no amulet)
HPRegen 0.10/turn               (no ring)
MPRegen 0.11/turn               (no ring)

@: no status effects
A: horns 1, yellow scales 1, foul stench 1
a: no special abilities


You were on level 3 of the Dungeon.
You visited 1 branch of the dungeon, and saw 3 of its levels.

You collected 210 gold pieces.

Inventory:

Hand Weapons
 a - a +0 dagger
 g - a +2 dagger of venom
 l - the +5 trident of Disarray (weapon) {vorpal, Dex+4}
   (You found it on level 3 of the Dungeon)

   It inflicts extra damage upon your enemies.
   Dex:       It affects your dexterity (+4).
Armour
 b - a +0 robe (worn)
 c - a +0 hat (worn)
 f - a +0 pair of gloves (worn)
 i - a +0 leather armour
Wands
 e - a wand of acid (1)
Potions
 d - a potion of cancellation
 h - a potion of mutation


   Skills:
 + Level 1.1 Fighting
 - Level 0.8 Short Blades
 * Level 0.6 Polearms
 + Level 2.3 Dodging
 + Level 2.3 Stealth
 * Level 3.7 Spellcasting
 + Level 1.8 Conjurations
 - Level 1.0 Summonings
 + Level 1.7 Translocations


You had 9 spell levels left.
You knew the following spells:

 Your Spells              Type           Power      Damage    Failure   Level
a - Magic Dart            Conj           32%        1d4       9%          1

Your spell library contained the following spells:

 Spells                   Type           Power      Damage    Failure   Level
 Blink                    Tloc           16%        N/A       13%         2
 Slow                     Hex            8%         N/A       17%         1
 Call Imp                 Summ           6%         N/A       17%         2
 Conjure Flame            Conj/Fire      5%         6-21      34%         3
 Mephitic Cloud           Conj/Pois/Air  4%         N/A       38%         3


Dungeon Overview and Level Annotations

Branches:
Dungeon (3/15)

Altars:
Yredelemnul

Annotations:
D:3 Crazy Yiuf


Innate Abilities, Weirdness & Mutations

You have a pair of small horns on your head.
You are partially covered in yellow scales. (AC +2)
You may rarely emit foul miasma when damaged in melee.


Message History

You puncture Ijyb!
You kill Ijyb!
You feel extremely sick.
You feel very sick.
e - a wand of acid (1)
Things that are here:
a +2 dagger of venom; a +0 leather armour; the goblin corpse of Ijyb You feel very sick.
g - a +2 dagger of venom;
i - a +0 leather armour You feel sick.
You feel sick.
You feel sick.
You feel sick.
You feel sick.
You feel sick.
You feel sick.
You feel sick.
You are no longer poisoned.
Found 8 gold pieces.
You now have 210 gold pieces (gained 8).
You start resting.
You feel a little less mighty now.
You start resting.
Magic restored.
You start resting.
HP restored.
Found a glowing mace.
Found a mace.
You see here a +0 mace.
Found a mace.
Found a runed translucent door.
Found a mace.
Found two maces.
Crazy Yiuf shouts!
You open the door.
Crazy Yiuf hits you with a +4 quarterstaff of chaos!
Space warps around you.
There is an open translucent door, spattered with blood here.
You closely miss Crazy Yiuf.
Crazy Yiuf hits you with a +4 quarterstaff of chaos!
You die...

####.# ###.### #.#
... .# #.# ..## # #.#
#.# #.# .## #.#
#######.# ####
###.#)....#
#.))##..#).....##
#.)g@.####......#####
#)..### ##..........
#### ##########. #.
#. #. #. #. #.


You could see Crazy Yiuf.

Vanquished Creatures
  Ijyb (D:3)
  5 adders
  A dart slug (D:2)
  An endoplasm (D:1)
  4 giant cockroaches
  6 goblins
  9 hobgoblins
  4 quokkas
  6 ball pythons
  8 bats
  A frilled lizard (D:2)
  5 kobolds
51 creatures vanquished.

Vanquished Creatures (others)
  2 fungi (D:3)
2 creatures vanquished.

Grand Total: 53 creatures vanquished

Notes
Turn   | Place    | Note
-------+----------+-------------------------------------------
     0 | D:1      | Sin92 the Demonspawn Hedge Wizard began the quest for the
                  | Orb.
     0 | D:1      | Reached XP level 1. HP: 13/13 MP: 4/4
    43 | D:1      | Reached skill level 1 in Translocations
   332 | D:1      | Gained mutation: You may rarely emit foul miasma when
                  | damaged in melee. [demonic ancestry]
   332 | D:1      | Reached XP level 2. HP: 20/20 MP: 1/6
   449 | D:1      | Found a faded altar of an unknown god.
  1517 | D:2      | Gained mutation: You are partially covered in yellow
                  | scales. (AC +2) [demonic ancestry]
  1517 | D:2      | Reached XP level 3. HP: 25/25 MP: 2/7
  1649 | D:2      | Found a basalt altar of Yredelemnul.
  2739 | D:3      | Reached skill level 1 in Fighting
  2739 | D:3      | Gained mutation: You have a pair of small horns on your
                  | head. [demonic ancestry]
  2739 | D:3      | Reached XP level 4. HP: 28/32 MP: 1/9
  3214 | D:3      | Identified the +5 trident of Disarray {vorpal, Dex+4}
  3592 | D:3      | Noticed Ijyb
  3620 | D:3      | Killed Ijyb
  3918 | D:3      | Found a runed translucent door.
  3919 | D:3      | Noticed Crazy Yiuf
  3924 | D:3      | Slain by Crazy Yiuf

Illustrated notes

Levels and vault maps discovered:
D:1:      minmay_arrival_open_corners, layout_basic,
          shapermc_ecumenical_altar_pompeii
D:2:      layout_rooms, basic_altar, minmay_misc_feat_cross, moated_statue,
          minmay_pentomino_t4
D:3:      layout_loops_ring, uniq_ijyb, uniq_crazy_yiuf_cottage

Skill      XL: |  1  2  3 |
---------------+----------+-----
Translocations | 1 |  1.7
Stealth        | 2 |  2.3
Dodging        | 2 |  2.3
Fighting       | 1 |  1.1
Short Blades   | |  0.8
Polearms       | |  0.6
Spellcasting   | |  3.7
Conjurations   | |  1.8
Summonings     | |  1.0

Action                   |  1- 3 |  4- 6 || total
-------------------------+-------+-------++-------
Melee: Dagger            |    57 |     2 ||    59
       Trident           |       |     7 ||     7
       Headbutt          |       |     3 ||     3
 Cast: Magic Dart        |    81 |    39 ||   120
  Use: Scroll            |     6 |     4 ||    10
       Potion            |       |     3 ||     3
Armor: Robe              |    38 |     1 ||    39
Dodge: Dodged            |    67 |    15 ||    82
